 Dungeon Crawl Stone Soup version 0.31-a0-66-ge618eeaa78 (webtiles) character file.

Game seed: 7377700957453938219

14124 Jeffwins the Summoner (level 12, -8/77 HPs)
             Began as an Octopode Summoner on May 22, 2023.
             Was an Initiate of Gozag.
             Mangled by Urug
             ... wielding a +1 double sword of protection
              (30 damage)
             ... on level 11 of the Dungeon.
             The game lasted 00:26:27 (12746 turns).

Jeffwins the Summoner (Octopode Summoner)          Turns: 12746, Time: 00:26:28

Health: -8/77      AC:  2    Str: 10    XL:     12   Next: 13%
Magic:  25/32      EV: 15    Int: 26    God:    Gozag
Gold:   468        SH:  0    Dex: 13    Spells: 16/25 levels left

rFire   . . .        a - +7 dagger "Korrokh" {holy, Int+4}
rCold   + . .        (no shield)
rNeg    . . .        u - +1 hat
rPois   .            l - amulet of magic regeneration
rElec   +            v - ring of see invisible
rCorr   .            k - ring of willpower
SInv    +            C - ring of protection from cold
Will    +....        z - ring of Ynauk {rElec MP+9 Str+3}
Stlth   +++++        (no ring)
HPRegen 0.32/turn    (no ring)
MPRegen 0.63/turn    (no ring)
                     (no ring)

%: no passive effects
@: no status effects
A: almost no armour, amphibious, 8 rings, camouflage 1, gelatinous body 1,
(nimble swimmer 1), tentacles
a: Renounce Religion, Potion Petition, Call Merchant, Bribe Branch


You were on level 11 of the Dungeon.
You worshipped Gozag.
Gozag was aware of your devotion.
You visited 2 branches of the dungeon, and saw 12 of its levels.
You also visited: Sewer.

You collected 1734 gold pieces.
You spent 312 gold pieces at shops.
You paid 954 gold pieces to Gozag.


Innate Abilities, Weirdness & Mutations

You cannot wear most types of armour.
You are amphibious.
You can wear up to eight rings at the same time.
Your skin changes colour to match your surroundings (Stealth+).
Your rubbery body absorbs attacks. (AC +1, EV +1)
((You are camouflaged when in or above water. (Stealth+)))
You have tentacles for arms and can constrict up to eight enemies at once.


   Skills:
 + Level 5.0 Fighting
 * Level 6.5 Short Blades
 + Level 3.3 Throwing
 + Level 5.6 Dodging
 + Level 7.9 Stealth
 * Level 7.3 Spellcasting
 * Level 8.6 Summonings
 * Level 6.9 Ice Magic
 * Level 7.1 Air Magic
 + Level 4.6 Evocations


You had 16 spell levels left.
You knew the following spells:

 Your Spells              Type           Power      Damage    Failure   Level
c - Summon Lightning Spi  Summ/Air       45%        N/A       3%          4
x - Call Imp              Summ           100%       N/A       1%          2
z - Call Canine Familiar  Summ           53%        N/A       1%          3

Your spell library contained the following spells:

 Spells                   Type           Power      Damage    Failure   Level
 Summon Small Mammal      Summ           100%       N/A       1%          1
 Summon Guardian Golem    Hex/Summ       27%        N/A       4%          3
 Magic Dart               Conj           36%        1d4       6%          1
 Searing Ray              Conj           18%        2d5       9%          2
 Tukima's Dance           Hex            9%         N/A       19%         3
 Inner Flame              Hex/Fire       4%         N/A       26%         3
 Portal Projectile        Hex/Tloc       8%         N/A       26%         3
 Manifold Assault         Tloc           9%         N/A       52%         4
 Passage of Golubria      Tloc           9%         N/A       52%         4
 Flame Wave               Conj/Fire      4%         2d5       65%         4
 Fulminant Prism          Conj/Hex       2%         3d5       65%         4
 Leda's Liquefaction      Hex/Erth       2%         N/A       65%         4
 Sticky Flame             Conj/Fire      4%         2d3       65%         4
 Blade Hands              Tmut           4%         N/A       86%         5
 Irradiate                Conj/Tmut      2%         3d12      94%         5
 Yara's Violent Unravell  Hex/Tmut       2%         3d3       94%         5
 Ozocubu's Refrigeration  Ice            22%        4d12      96%         7
 Dispersal                Tloc           4%         N/A       100%        6
 Dragon Form              Tmut           4%         N/A       100%        7
 Disjunction              Tloc           4%         N/A       100%        8
 Polar Vortex             Ice            22%        N/A       100%        9
 Simulacrum               Ice/Necr       Unusable   N/A       N/A         6

Inventory:

Hand Weapons
 a - the +7 dagger "Korrokh" (weapon) {holy, Int+4}
   (You found it in a sewer)

   Int:       It affects your intelligence (+4).
 b - a +0 dagger of freezing
 x - the +2 long sword of Dismay {antimagic, rN+ Str+2 Dex+2 SInv}
   (You found it on level 5 of the Dungeon)

   Str:       It affects your strength (+2).
   Dex:       It affects your dexterity (+2).
   rN:        It protects you from negative energy.
   SInv:      It lets you see invisible.
 y - a +1 heavy halberd
 F - a +1 dagger of venom
Missiles
 c - 5 javelins
 o - 48 poisoned darts (quivered)
 E - a curare-tipped dart {=f}
Armour
 u - a +1 hat (worn)
Magical Staves
 n - a staff of air
Jewellery
 k - a ring of willpower (right tentacle)
 l - an amulet of magic regeneration (around mantle)
 v - a ring of see invisible (left tentacle)
 z - the ring of Ynauk (on tentacle) {rElec MP+9 Str+3}
   (You found it on level 9 of the Dungeon)

   [ring of magical power]

   Str:       It affects your strength (+3).
   rElec:     It insulates you from electricity.
   MP:        It affects your magic capacity (+9).
 C - a ring of protection from cold (on tentacle)
Wands
 p - a wand of acid (1)
 s - a wand of paralysis (8)
 G - a wand of flame (21)
 K - a wand of iceblast (5)
Scrolls
 d - 4 scrolls of immolation {!r}
 f - a scroll of fog
 h - a scroll of brand weapon
 r - 3 scrolls of teleportation {@r4}
 w - 2 scrolls of amnesia
 A - 2 scrolls of enchant armour
 D - a scroll of identify {@r1}
 H - a scroll of fear
Potions
 e - 2 potions of brilliance
 g - 3 potions of mutation {!q}
 i - 2 potions of curing {@q1}
 j - 3 potions of enlightenment
 m - 2 potions of magic
 q - 3 potions of lignification {!q}
 t - a potion of attraction {!q}
 B - a potion of heal wounds {@q2}
 I - a potion of cancellation
 J - a potion of haste {@q3}

Dungeon Overview and Level Annotations

Branches:
Dungeon (11/15)            Temple (1/1) D:4            Lair (0/5) D:11
    Orc (0/2) D:10          Sewer (visited)

Altars:
Ashenzari
Cheibriados
Dithmenos
Elyvilon
Fedhas
Gozag
Hepliaklqana
Kikubaaqudgha
Makhleb
Nemelex Xobeh
Okawaru
Qazlal
Ru
Sif Muna
Trog
Uskayaw
Vehumet
Wu Jian
Xom
Yredelemnul
Zin
The Shining One

Shops:
D:7 *   D:8 *![[*   D:9 :

Annotations:
D:8 2 transporters, nemohh's ghost, novice HOFi
D:11 Urug

~~.≈≈≈~..... ≈~.~≈≈~~..####+#
≈≈~.~~~~~.......#
~≈≈~.~.≈~.~......#
~≈~~.≈.~~........#
..~~.~.~.........#
.................#########
...........ho.......?....# ..
. #......[.5@............# .
..#.....................<# .
..'......##8.....##....###..#
..#......##########....###..#
#............. #...........
.#####'###..... #...........
..........# .... #...........
#..######.###########'####'##
...........................


You could see Urug (ally target), a friendly warg (summoned), a friendly
lightning spire (summoned) and a friendly cerulean imp (summoned).


Message History

Urug is moderately wounded.
You constrict Urug, but do no damage.
Your warg bites Urug but does no damage.
Your cerulean imp hits Urug with a +1 spear!
Unknown command.
You hit Urug but do no damage.
Urug is moderately wounded.
You constrict Urug, but do no damage.
Your warg bites Urug!
Urug hits you with a +1 double sword of protection!
Unknown command.
You hit Urug but do no damage. You squeeze Urug, but do no damage.
Urug is heavily wounded.
You constrict Urug, but do no damage.
Your cerulean imp hits Urug but does no damage.
Your warg bites Urug but does no damage.
Unknown command.
You strike the helpless Urug from behind!
You impale Urug!!
Urug is almost dead.
You constrict Urug, but do no damage.
Urug hits you with a +1 double sword of protection!!
* * * LOW HITPOINT WARNING * * *
Your cerulean imp hits Urug but does no damage.
Your warg bites Urug.
You hit Urug but do no damage.
Urug is almost dead.
You constrict Urug, but do no damage.
Urug hits you with a +1 double sword of protection!!
You die...
Your body crumbles into a pile of gold.

Skill      XL: |  1  2  3  4  5  6  7  8  9 10 11 12 |
---------------+-------------------------------------+-----
Stealth        | 3 4 5 6 7 |  7.9
Fighting       | 1 2 3 4 5 |  5.0
Spellcasting   | 3 4 5 6 7 |  7.3
Dodging        | 3 4 5 |  5.6
Air Magic      | 1 2 3 4 5 6 7 |  7.1
Summonings     | 5 6 7 8 |  8.6
Ice Magic      | 1 2 3 4 5 6 |  6.9
Short Blades   | 1 2 4 5 6 |  6.5
Evocations     | 1 2 3 4 |  4.6
Throwing       | 1 3 |  3.3

Action                     |  1- 3 |  4- 6 |  7- 9 | 10-12 || total
---------------------------+-------+-------+-------+-------++-------
  Melee: Dagger            |    72 |    96 |   146 |   237 ||   551
         Unarmed           |     3 |       |       |       ||     3
         Constrict         |    20 |    22 |    28 |    38 ||   108
         Tentacles         |    15 |    17 |    42 |    58 ||   132
         Punch             |       |       |     1 |     4 ||     5
  Throw: Dart              |       |       |       |     3 ||     3
   Cast: Summon Small Mamm |     9 |     1 |       |       ||    10
         Call Imp          |     3 |     9 |    19 |    37 ||    68
         Call Canine Famil |       |     7 |    36 |    47 ||    90
         Summon Lightning  |       |       |     1 |    27 ||    28
 Invoke: Call Merchant     |       |       |       |     1 ||     1
  Evoke: Wand              |       |       |       |     3 ||     3
    Use: Scroll            |       |     8 |     3 |     4 ||    15
         Potion            |       |       |       |     9 ||     9
   Stab: Sleeping          |    11 |     6 |     6 |    10 ||    33
         Distracted        |       |     1 |     3 |     8 ||    12
         Paralysed         |       |       |       |     1 ||     1
 Armour: Skin              |     7 |    10 |     9 |    22 ||    48
  Dodge: Dodged            |    47 |    80 |    96 |   186 ||   409

Levels and vault maps discovered:
D:1:      sevenhm_arrival_forest_fort_small_6, layout_basic
D:2:      minmay_skewed_foursquare, layout_basic,
          shapermc_ecumenical_altar_mp_ritualfount, basic_altar,
          minmay_quadrilaterals
D:3:      layout_basic, portal_sewer_entry_b, uniq_grinder
D:4:      cheibrodos_helix_gallery, layout_rooms, minmay_temple_entry_offerings
D:5:      layout_basic, fedhas_altar_2, mainiacjoe_overflow_six_doors_small,
          grunt_dithmenos_shadows, uniq_blork_the_orc, uniq_sigmund
D:6:      layout_rooms, uniq_pikel
D:7:      layout_basic, mainiacjoe_overflow_alcove_4, serial_shops, shop,
          serial_undead, serial_undead_e, serial_undead_d, serial_undead_f,
          serial_undead_a, reono_crystal_passage, uniq_duvessa
D:8:      layout_basic, nicolae_gozag_seed_capital, old_standard_altar,
          gammafunk_ghost_wrathful_warriors, serial_shops, shop,
          nicolae_shop_tiny_waterfront, shop, nicolae_shop_just_a_little_nook,
          shop_coins, uniq_psyche, uniq_joseph
D:9:      layout_loops_ring, nicolae_uskayaw_murder_on_the_dancefloor,
          skrybe_limestone_x
D:10:     dragon1_lemuel, layout_gridville, orc_0_dummy
D:11:     layout_stronghold, erik_lair_island, uniq_urug
Temple:   hellmonk_temple_of_storms

Notes
Turn   | Place    | Note
-------+----------+-------------------------------------------
     0 | D:1      | Jeffwins the Octopode Summoner began the quest for the Orb.
     0 | D:1      | Reached XP level 1. HP: 11/11 MP: 3/3
    87 | D:1      | Reached XP level 2. HP: 13/18 MP: 3/5
   311 | D:1      | Reached skill level 3 in Stealth
   358 | D:1      | Reached XP level 3. HP: 19/22 MP: 6/6
   361 | D:1      | Learned a level 2 spell: Call Imp
   375 | D:1      | Learned a level 3 spell: Call Canine Familiar
   696 | D:2      | Found an iron altar of Okawaru.
   777 | D:2      | Reached skill level 1 in Fighting
   780 | D:2      | Found a faded altar of an unknown god.
  1068 | D:2      | Reached XP level 4. HP: 28/28 MP: 8/8
  1554 | D:3      | Reached skill level 3 in Spellcasting
  1566 | D:3      | Learned a level 4 spell: Summon Lightning Spire
  1684 | D:3      | Reached XP level 5. HP: 27/33 MP: 3/9
  1751 | D:3      | Noticed Grinder
  1883 | D:3      | Found a glowing drain.
  1905 | Sewer    | Entered a sewer
  2010 | Sewer    | Noticed a water moccasin
  2021 | Sewer    | Killed a water moccasin
  2022 | Sewer    | Reached skill level 3 in Dodging
  2022 | Sewer    | Reached skill level 4 in Stealth
  2022 | Sewer    | Reached skill level 1 in Air Magic
  2022 | Sewer    | Reached XP level 6. HP: 19/39 MP: 2/11
  2145 | Sewer    | Identified the +7 dagger "Korrokh" {holy, Int+4}
  2289 | D:3      | Paralysed by Grinder for 2 turns
  2293 | D:3      | Killed Grinder
  2294 | D:3      | Reached skill level 2 in Fighting
  2294 | D:3      | Reached skill level 5 in Summonings
  2294 | D:3      | Reached skill level 1 in Ice Magic
  2294 | D:3      | Reached skill level 2 in Air Magic
  2294 | D:3      | Reached XP level 7. HP: 19/45 MP: 12/12
  3047 | D:4      | Found a staircase to the Ecumenical Temple.
  3057 | Temple   | Entered the Ecumenical Temple
  3158 | D:5      | Entered Level 5 of the Dungeon
  3160 | D:5      | Noticed a yak
  3160 | D:5      | Noticed a yak
  3160 | D:5      | Noticed a yak
  3160 | D:5      | Noticed a yak
  3160 | D:5      | Noticed a yak
  3169 | D:4      | Killed a yak
  3227 | D:4      | Killed a yak
  3228 | D:4      | Reached skill level 1 in Short Blades
  3228 | D:4      | Reached skill level 4 in Spellcasting
  3228 | D:4      | Reached skill level 2 in Ice Magic
  3324 | D:4      | Killed a yak
  3325 | D:4      | Reached skill level 1 in Evocations
  3325 | D:4      | Reached XP level 8. HP: 21/51 MP: 14/14
  3465 | D:4      | Killed a yak
  3466 | D:4      | Reached skill level 5 in Stealth
  3466 | D:4      | Reached skill level 3 in Air Magic
  3588 | D:5      | Killed a yak
  3589 | D:5      | Reached skill level 2 in Short Blades
  3736 | D:5      | Found a blossoming altar of Fedhas.
  3783 | D:5      | Found a shimmering blue altar of Sif Muna.
  3887 | D:5      | Noticed Blork the orc
  3898 | D:5      | Killed Blork the orc
  3899 | D:5      | Reached skill level 3 in Fighting
  3899 | D:5      | Reached skill level 6 in Summonings
  3899 | D:5      | Reached skill level 3 in Ice Magic
  4072 | D:5      | Found a shadowy altar of Dithmenos.
  4188 | D:5      | Noticed Sigmund
  4190 | D:5      | Killed Sigmund
  4191 | D:5      | Reached skill level 4 in Dodging
  4191 | D:5      | Reached skill level 2 in Evocations
  4191 | D:5      | Reached XP level 9. HP: 57/57 MP: 16/16
  4408 | D:5      | Identified the +2 long sword of Dismay {antimagic, rN+
                  | Str+2 Dex+2 SInv}
  4486 | D:6      | Reached skill level 3 in Short Blades
  4533 | D:6      | Reached skill level 5 in Spellcasting
  4533 | D:6      | Reached skill level 4 in Air Magic
  4587 | D:6      | Noticed Pikel
  4605 | D:6      | Killed Pikel
  4775 | D:6      | Reached skill level 4 in Ice Magic
  4776 | D:6      | Reached skill level 6 in Stealth
  5557 | D:7      | Noticed Duvessa
  5557 | D:7      | Noticed Dowan
  5560 | D:7      | Killed Duvessa
  5567 | D:7      | Killed Dowan
  5768 | D:7      | Reached skill level 4 in Short Blades
  5804 | D:7      | Reached XP level 10. HP: 51/63 MP: 18/18
  5857 | D:7      | Reached skill level 3 in Evocations
  6032 | D:7      | HP: 5/55 [wight/+0 battleaxe (3)]
  6034 | D:7      | Reached skill level 7 in Summonings
  6383 | D:7      | Found Louqu's Assorted Antiques.
  6391 | D:7      | Bought a scroll of identify for 52 gold pieces
  6391 | D:7      | Bought a copper wand for 104 gold pieces
  6409 | D:7      | Reached skill level 5 in Air Magic
  6442 | D:7      | Reached skill level 4 in Fighting
  6485 | D:7      | Reached skill level 1 in Throwing
  6750 | D:7      | HP: 3/63 [poisoned by a water moccasin]
  6969 | D:7      | Reached skill level 6 in Spellcasting
  7159 | D:7      | Found a burning altar of Makhleb.
  7296 | D:7      | Reached skill level 5 in Ice Magic
  7400 | D:8      | Found an opulent altar of Gozag.
  7438 | D:8      | Found Xirrauce's General Store.
  7463 | D:8      | Became a worshipper of Gozag Ym Sagoz the Greedy
  7540 | D:8      | Found a glowing silver altar of Zin.
  7546 | D:8      | Noticed Joseph
  7584 | D:8      | Killed Joseph
  7596 | D:8      | HP: 6/64 [orc priest/divine providence (13)]
  7815 | D:8      | Found Hinatyg's Distillery.
  7831 | D:8      | Bought a potion of brilliance for 52 gold pieces
  7831 | D:8      | Bought a potion of heal wounds for 65 gold pieces
  7831 | D:8      | Bought a potion of curing for 39 gold pieces
  7882 | D:8      | Found Fuet Janes's General Store.
  8136 | D:8      | Found a transporter.
  8142 | D:8      | Found a bloodstained altar of Trog.
  8142 | D:8      | Noticed a moth of wrath
  8143 | D:8      | Found a transporter.
  8153 | D:8      | Noticed a two-headed ogre
  8155 | D:8      | Noticed nemohh's ghost (novice HOFi)
  8226 | D:8      | Found Ongeatzo's Armour Shop.
  8394 | D:8      | Found Zuing's Armour Shoppe.
  8492 | D:8      | Reached skill level 5 in Short Blades
  8508 | D:8      | Noticed Psyche
  8522 | D:8      | Killed Psyche
  8712 | D:9      | Identified a potion of resistance
  8730 | D:8      | HP: 6/65 [killer bee (1)]
  8935 | D:9      | Reached skill level 5 in Dodging
  8944 | D:9      | Reached skill level 7 in Stealth
  9172 | D:9      | Noticed a kobold demonologist
  9175 | D:9      | Noticed a kobold demonologist
  9177 | D:9      | Noticed a kobold demonologist
  9181 | D:9      | Noticed an orange demon
  9185 | D:9      | Killed a kobold demonologist
  9186 | D:9      | Reached XP level 11. HP: 59/70 MP: 17/20
  9192 | D:9      | Reached skill level 2 in Throwing
  9216 | D:9      | Identified the ring of Ynauk {rElec MP+9 Str+3}
  9238 | D:9      | Reached skill level 6 in Air Magic
  9443 | D:9      | Reached skill level 8 in Summonings
  9533 | D:9      | Found a hide-covered altar of Uskayaw.
  9667 | D:9      | Reached skill level 4 in Evocations
  9740 | D:9      | Reached skill level 6 in Ice Magic
 10545 | D:10     | Entered Level 10 of the Dungeon
 10639 | D:10     | Reached skill level 6 in Short Blades
 10639 | D:10     | Reached skill level 7 in Spellcasting
 11175 | D:10     | Found a staircase to the Orcish Mines.
 11322 | D:10     | Noticed a fire dragon
 11759 | D:11     | Noticed a manticore
 11932 | D:11     | Reached skill level 3 in Throwing
 12114 | D:11     | Killed a manticore
 12119 | D:11     | Reached XP level 12. HP: 58/76 MP: 22/22
 12267 | D:11     | Found a staircase to the Lair.
 12448 | D:11     | Reached skill level 5 in Fighting
 12448 | D:11     | Reached skill level 7 in Air Magic
 12704 | D:11     | Noticed Urug
 12746 | D:11     | Mangled by Urug

Vanquished Creatures
  Pikel (D:6)
  A gargoyle (D:11)
  Psyche (D:8)
  6 kobold demonologists
  A freezing wraith (D:9)
  2 trolls (D:10)
  Grinder (D:3)
  A shadow (D:8)
  Sigmund (D:5)
  A wraith (D:8)
  5 yaks
  Duvessa (D:7)
  3 water moccasins
  An ice beast (D:6)
  A black bear (D:7)
  An ogre (D:5)
  A wolf (D:11)
  7 centaurs
  4 kobold brigands
  A phantom (D:5)
  Blork the orc (D:5)
  2 bullfrogs
  A water moccasin zombie (D:7)
  6 wights (D:7)
  Dowan (D:7)
  5 killer bees
  A nameless horror (D:6)
  6 howler monkeys
  A bullfrog zombie (D:7)
  2 jellies
  A centaur zombie (D:7)
  An orc priest (D:7)
  2 hounds
  6 orc wizards
  2 killer bee zombies (D:7)
  A gnoll (D:6)
  2 river rats (D:3)
  6 adders
  2 white imps
  An ufetubus (D:5)
  3 dart slugs
  7 orcs
  14 ball pythons
  10 bats
  2 endoplasms
  10 giant cockroaches
  5 goblins
  4 hobgoblins
  3 jackals (Sewer)
  7 quokkas
  A frilled lizard (D:3)
  21 kobolds
  3 rats
181 creatures vanquished.

Vanquished Creatures (collateral kills)
  A manticore (D:11)
  Joseph (D:8)
  A kobold demonologist (D:9)
  A troll (D:10)
  A hornet (D:11)
  19 yaks
  A steam dragon (D:7)
  A water moccasin (Sewer)
  3 orc warriors
  A wolf (D:11)
  An ogre (D:6)
  A kobold brigand (D:9)
  A scorpion (D:5)
  5 wights (D:7)
  8 killer bees (D:9)
  2 electric eels (D:11)
  4 howler monkeys
  An orc priest (D:8)
  4 hounds (D:11)
  A sleepcap (D:6)
  2 iguanas
  4 orc wizards
  A killer bee zombie (D:7)
  2 gnolls (D:6)
  3 adders (D:6)
  A shadow imp (D:6)
  An ufetubus (D:5)
  2 dart slugs
  21 orcs
  2 ball pythons
  2 endoplasms
  3 giant cockroaches (D:3)
  A goblin (D:2)
  A hobgoblin (D:4)
  6 kobolds
  5 rats (D:3)
115 creatures vanquished.

Grand Total: 296 creatures vanquished

Table legend: (Time is in decaauts)
 A = Elapsed time spent in this place.
 B = Non-inter-level travel time spent in this place.
 C = Inter-level travel time spent in this place.
 D = Time resting spent in this place.
 E = Time spent auto-exploring this place.
 F = Levels seen in this place.
 G = Mean time per level.
                   A        B        C        D        E       F      G
               +--------+--------+--------+--------+--------+-----+--------+
         Total |  12690 |  12229 |    461 |   1729 |   7980 |  13 |  976.2 |
       Dungeon |  12343 |  11888 |    455 |   1729 |   7740 |  11 | 1122.1 |
        Temple |     43 |     37 |      6 |      0 |     22 |   1 |   43.0 |
         Sewer |    302 |    302 |      0 |      0 |    218 |   1 |  302.0 |
               +--------+--------+--------+--------+--------+-----+--------+

Top non-repeatable levels by time:
     D:7: 1723 daAuts
     D:8: 1618 daAuts
    D:10: 1459 daAuts
     D:9: 1396 daAuts
     D:6: 1356 daAuts
     D:2: 967 daAuts
     D:5: 914 daAuts
     D:4: 842 daAuts
     D:3: 760 daAuts
    D:11: 678 daAuts
     D:1: 626 daAuts
   Sewer: 302 daAuts
  Temple: 43 daAuts

Table legend:
 A = Non-vault XP
 B = Vault XP
 C = Vault XP percentage of total XP
 D = Non-vault monster count
 E = Vault monster count
 F = Vault count percentage of total count
                 A         B        C        D         E       F
            +---------+---------+-------+---------+---------+-------
      Total |   16007 |    4171 |  20.7 |     243 |      52 |  17.6
            +---------+---------+-------+---------+---------+-------
        D:1 |      37 |       0 |   0.0 |      22 |       0 |   0.0
        D:2 |      68 |      34 |  33.3 |      24 |       7 |  22.6
        D:3 |     105 |     299 |  74.0 |      24 |      10 |  29.4
        D:4 |     900 |       4 |   0.4 |      19 |       2 |   9.5
        D:5 |     538 |     417 |  43.7 |       9 |       3 |  25.0
        D:6 |    1021 |     651 |  38.9 |      26 |       1 |   3.7
        D:7 |    1454 |    1081 |  42.6 |      24 |      16 |  40.0
        D:8 |    1446 |     821 |  36.2 |      16 |       2 |  11.1
        D:9 |    4882 |       0 |   0.0 |      42 |       0 |   0.0
       D:10 |    2470 |     307 |  11.1 |      11 |       1 |   8.3
       D:11 |    3086 |     406 |  11.6 |      26 |       6 |  18.8
      Sewer |       0 |     151 | 100.0 |       0 |       4 | 100.0
            +---------+---------+-------+---------+---------+-------
